3R
GERMANTOWN URUGUAYANS @ NORTHWEST TERRITORY BEAVERS
09/05/2039
 
TOP OF THE 1ST
Germantown Uruguayans batting - Pitching for Northwest Territory Beavers : RHP Gonzalo Garibay
Pitching: RHP Gonzalo Garibay
Batting: RHB Jack Plumb 0-0: Called Strike
0-1: Called Strike
0-2: Strikes out looking
Batting: RHB Pancho Hernández 0-0: Called Strike
0-1: SINGLE (Groundball, 56S, EV 91.2 MPH) (infield hit)
Batting: LHB Vicente Torres 0-0: Called Strike
0-1: Ball
1-1: Ball
2-1: Fly out, F8 (Flyball, 8LM, EV 78.1 MPH)
Batting: RHB Dana O'Quinlevan 0-0: Ball
1-0: Ball
2-0: Ball
3-0: Base on Balls
Pancho Hernández to second
Batting: RHB D'Artagnan Rasberry 0-0: Called Strike
0-1: Foul Ball, location: 2F
0-2: Foul Ball, location: 2F
0-2: Strikes out swinging
Top of the 1st over - 0 runs, 1 hit, 0 errors, 2 left on base; Germantown 0 - Northwest Territory 0
BOTTOM OF THE 1ST
Northwest Territory Beavers batting - Pitching for Germantown Uruguayans : RHP José Jiménez
Pitching: RHP José Jiménez
Batting: RHB Roland Rankin 0-0: Called Strike
0-1: Swinging Strike
0-2: Hit by Pitch
Batting: SHB Héctor Solís 0-0: Ball
1-0: Called Strike
Roland Rankin steals 2nd base
1-1: SINGLE (Groundball, 6D, EV 107.5 MPH)
Roland Rankin to third
Batting: LHB Roberto Pacheco 0-0: Foul Ball, location: 2F
0-1: Ball
1-1: Ball
2-1: Ball
3-1: Called Strike
3-2: Fly out, F8 (Line Drive, 8LM, EV 103.8 MPH)
Runner from 3rd tags up, SCORES, no throw by CF
Batting: LHB Steve Chittick 0-0: Swinging Strike
0-1: Called Strike
Héctor Solís is caught stealing 2nd base 2-6
0-2: Ball
1-2: Ball
2-2: Foul Ball, location: 2F
2-2: Fly out, F7 (Flyball, 7LM, EV 93.1 MPH)
Bottom of the 1st over - 1 run, 1 hit, 0 errors, 0 left on base; Germantown 0 - Northwest Territory 1
TOP OF THE 2ND
Germantown Uruguayans batting - Pitching for Northwest Territory Beavers : RHP Gonzalo Garibay
Batting: LHB Mhelter Narcida 0-0: SINGLE (Flyball, 78S, EV 84.4 MPH)
Batting: RHB Will Gamble 0-0: Called Strike
0-1: Foul Ball, location: 2F
0-2: Ball
1-2: Ball
2-2: Foul Ball, location: 2F
2-2: SINGLE (Line Drive, 9S, EV 89.4 MPH)
Mhelter Narcida to second
Batting: RHB Pepe Rodríguez 0-0: Ball
1-0: Ball
2-0: Ball
3-0: Base on Balls
Mhelter Narcida to third
Will Gamble to second
Batting: RHB Harley Lambert 0-0: Called Strike
0-1: Ball
1-1: Called Strike
1-2: SINGLE (Line Drive, 7S, EV 105.0 MPH)
Mhelter Narcida scores
Will Gamble to third
Pepe Rodríguez to second
Runner from 3rd tries for Home, SAFE, throw by LF to home
Batting: RHB Jack Plumb 0-0: Called Strike
0-1: Swinging Strike
0-2: Ball
1-2: Ball
2-2: Foul Ball, location: 2F
2-2: Ball
3-2: Foul Ball, location: 2F
3-2: Base on Balls
Pepe Rodríguez to third
Harley Lambert to second
Batting: RHB Pancho Hernández 0-0: Fly out, F7 (Flyball, 7, EV 90.6 MPH)
Runner from 3rd tags up, SCORES, throw by LF
Batting: LHB Vicente Torres 0-0: Ball
1-0: Called Strike
1-1: Called Strike
1-2: SINGLE (Flyball, 6MD, EV 86.9 MPH)
Harley Lambert to third
Jack Plumb to second
Batting: RHB Dana O'Quinlevan 0-0: Called Strike
0-1: Foul Ball, location: 2F
0-2: Fly out, F7 (Flyball, 7, EV 82.5 MPH)
Runner from 3rd tags up, OUT at HOME! 7-2
Top of the 2nd over - 3 runs, 4 hits, 0 errors, 2 left on base; Germantown 3 - Northwest Territory 1
BOTTOM OF THE 2ND
Northwest Territory Beavers batting - Pitching for Germantown Uruguayans : RHP José Jiménez
Batting: RHB Ernesto García 0-0: Called Strike
0-1: Foul Ball, location: 2F
0-2: Ball
1-2: Strikes out swinging
Batting: RHB Raleigh Adams 0-0: Called Strike
0-1: Ball
1-1: Swinging Strike
1-2: Ball
2-2: Foul Ball, location: 2F
2-2: SINGLE (Line Drive, 8RS, EV 99.4 MPH)
Batting: LHB Bill Knight 0-0: Ball
Raleigh Adams is caught stealing 2nd base 2-6
1-0: SINGLE (Groundball, 5D, EV 103.1 MPH)
Batting: RHB Mark Mathews 0-0: Swinging Strike
0-1: Ball
1-1: Ball
Bill Knight is caught stealing 2nd base 2-4
Bottom of the 2nd over - 0 runs, 2 hits, 0 errors, 0 left on base; Germantown 3 - Northwest Territory 1
TOP OF THE 3RD
Germantown Uruguayans batting - Pitching for Northwest Territory Beavers : RHP Gonzalo Garibay
Batting: RHB D'Artagnan Rasberry 0-0: Ball
1-0: Foul Ball, location: 2F
1-1: Foul Ball, location: 2F
1-2: Ball
2-2: Ball
3-2: Ground out 6-3 (Groundball, 6, EV 85.6 MPH)
Batting: LHB Mhelter Narcida 0-0: Ball
1-0: Ground out 4-3 (Groundball, 34D, EV 100.0 MPH)
Batting: RHB Will Gamble 0-0: Ball
1-0: Foul Ball, location: 2F
1-1: Ball
2-1: Called Strike
2-2: Ground out 1-3 (Groundball, 13, EV 80.6 MPH)
Top of the 3rd over - 0 runs, 0 hits, 0 errors, 0 left on base; Germantown 3 - Northwest Territory 1
BOTTOM OF THE 3RD
Northwest Territory Beavers batting - Pitching for Germantown Uruguayans : RHP José Jiménez
Batting: RHB Mark Mathews 0-0: Ball
1-0: Foul Ball, location: 2F
1-1: SINGLE (Groundball, 5D, EV 100.6 MPH)
Batting: RHB Chi-Chi Ercument 0-0: Ball
1-0: Ball
2-0: Swinging Strike
2-1: Swinging Strike
2-2: Foul Ball, location: 2F
2-2: Foul Ball, location: 2F
2-2: Strikes out swinging
Batting: RHB Roland Rankin 0-0: Called Strike
0-1: Fly out, F6 (Line Drive, 6, EV 75.6 MPH)
Batting: SHB Héctor Solís 0-0: Ball
1-0: Ball
2-0: DOUBLE (Line Drive, 7LM, EV 110.6 MPH)
Mark Mathews to third
Runner from 3rd tries for Home, throw by LF and OUT! 7-6-2
Bottom of the 3rd over - 0 runs, 2 hits, 0 errors, 1 left on base; Germantown 3 - Northwest Territory 1
TOP OF THE 4TH
Germantown Uruguayans batting - Pitching for Northwest Territory Beavers : RHP Gonzalo Garibay
Batting: RHB Pepe Rodríguez 0-0: Foul Ball, location: 2F
0-1: Ball
1-1: Foul Ball, location: 2F
1-2: Strikes out swinging
Batting: RHB Harley Lambert 0-0: Called Strike
0-1: Swinging Strike
0-2: Strikes out looking
Batting: RHB Jack Plumb 0-0: Ball
1-0: Ball
2-0: Fly out, F7 (Flyball, 7S, EV 90.0 MPH)
Top of the 4th over - 0 runs, 0 hits, 0 errors, 0 left on base; Germantown 3 - Northwest Territory 1
BOTTOM OF THE 4TH
Northwest Territory Beavers batting - Pitching for Germantown Uruguayans : RHP José Jiménez
Batting: LHB Roberto Pacheco 0-0: Foul Ball, location: 2F
0-1: Foul Ball, location: 2F
0-2: Ball
1-2: Fly out, F9 (Flyball, 89S, EV 72.5 MPH)
Batting: LHB Steve Chittick 0-0: Foul Ball, location: 2F
0-1: Foul Ball, location: 2F
0-2: Foul Ball, location: 2F
0-2: Ground out 4-3 (Groundball, 34, EV 105.0 MPH)
Batting: RHB Ernesto García 0-0: Ball
1-0: Called Strike
1-1: Ground out 5-3 (Groundball, 56S, EV 66.2 MPH)
Bottom of the 4th over - 0 runs, 0 hits, 0 errors, 0 left on base; Germantown 3 - Northwest Territory 1
TOP OF THE 5TH
Germantown Uruguayans batting - Pitching for Northwest Territory Beavers : RHP Gonzalo Garibay
Batting: RHB Pancho Hernández 0-0: Ball
1-0: Foul Ball, location: 2F
1-1: SINGLE (Line Drive, 8LS, EV 95.0 MPH)
Batting: LHB Vicente Torres 0-0: Foul Ball, location: 2F
0-1: Swinging Strike
0-2: Ball
1-2: Strikes out looking
Batting: RHB Dana O'Quinlevan 0-0: Fielders Choice at 2nd, 4-6 (Groundball, 4S, EV 91.2 MPH)
Batting: RHB D'Artagnan Rasberry 0-0: Ball
1-0: Ball
2-0: Fielders Choice at 2nd, U6 (Groundball, 6M, EV 106.2 MPH)
Top of the 5th over - 0 runs, 1 hit, 0 errors, 1 left on base; Germantown 3 - Northwest Territory 1
BOTTOM OF THE 5TH
Northwest Territory Beavers batting - Pitching for Germantown Uruguayans : RHP José Jiménez
Batting: RHB Raleigh Adams 0-0: Foul Ball, location: 2F
0-1: Foul Ball, location: 2F
0-2: Ball
1-2: Strikes out swinging
Batting: LHB Bill Knight 0-0: Called Strike
0-1: Called Strike
0-2: Foul Ball, location: 2F
0-2: Foul Ball, location: 2F
0-2: Ball
1-2: Ground out 4-3 (Groundball, 4S, EV 86.2 MPH)
Batting: RHB Mark Mathews 0-0: DOUBLE (Line Drive, 89D, EV 104.4 MPH)
Batting: RHB Chi-Chi Ercument 0-0: Ground out 4-3 (Groundball, 4, EV 83.1 MPH)
Bottom of the 5th over - 0 runs, 1 hit, 0 errors, 1 left on base; Germantown 3 - Northwest Territory 1
TOP OF THE 6TH
Germantown Uruguayans batting - Pitching for Northwest Territory Beavers : RHP Gonzalo Garibay
Batting: LHB Mhelter Narcida 0-0: Called Strike
0-1: Ball
1-1: Ball
2-1: Ground out 5-3 (Groundball, 5L, EV 78.8 MPH)
Batting: RHB Will Gamble 0-0: Ball
1-0: Foul Ball, location: 2F
1-1: Called Strike
1-2: Strikes out swinging
Batting: RHB Pepe Rodríguez 0-0: Fly out, F8 (Flyball, 78M, EV 83.8 MPH)
Top of the 6th over - 0 runs, 0 hits, 0 errors, 0 left on base; Germantown 3 - Northwest Territory 1
BOTTOM OF THE 6TH
Northwest Territory Beavers batting - Pitching for Germantown Uruguayans : RHP José Jiménez
Batting: RHB Roland Rankin 0-0: Ground out 5-3 (Groundball, 56, EV 83.1 MPH)
Batting: SHB Héctor Solís 0-0: Ball
1-0: Ball
2-0: Swinging Strike
2-1: Ground out 5-3 (Groundball, 56, EV 103.8 MPH)
Batting: LHB Roberto Pacheco 0-0: Called Strike
0-1: Ball
1-1: Foul Ball, location: 2F
1-2: DOUBLE (Flyball, 8RXD, EV 101.9 MPH)
Batting: LHB Steve Chittick 0-0: Called Strike
0-1: Ball
1-1: Fly out, F8 (Flyball, 89D, EV 98.1 MPH)
Bottom of the 6th over - 0 runs, 1 hit, 0 errors, 1 left on base; Germantown 3 - Northwest Territory 1
TOP OF THE 7TH
Germantown Uruguayans batting - Pitching for Northwest Territory Beavers : RHP Gonzalo Garibay
Batting: RHB Harley Lambert 0-0: Ball
1-0: Foul Ball, location: 2F
1-1: Swinging Strike
1-2: Fly out, F4 (Popup, 4MD, EV 38.1 MPH)
Batting: RHB Jack Plumb 0-0: Ball
1-0: Ball
2-0: Fly out, F8 (Flyball, 8RM, EV 88.1 MPH)
Batting: RHB Pancho Hernández 0-0: Called Strike
0-1: Fly out, F9 (Flyball, 9S, EV 96.9 MPH)
Top of the 7th over - 0 runs, 0 hits, 0 errors, 0 left on base; Germantown 3 - Northwest Territory 1
BOTTOM OF THE 7TH
Northwest Territory Beavers batting - Pitching for Germantown Uruguayans : RHP José Jiménez
Batting: RHB Ernesto García 0-0: Foul Ball, location: 2F
0-1: Foul Ball, location: 2F
0-2: Foul Ball, location: 2F
0-2: Ball
1-2: Foul Ball, location: 2F
1-2: Ball
2-2: Ball
3-2: Ground out 5-3 (Groundball, 5, EV 84.4 MPH)
Pitching: LHP Kent Griffin
Batting: RHB Raleigh Adams 0-0: Foul Ball, location: 2F
0-1: Foul Ball, location: 2F
0-2: Fly out, F6 (Popup, 6M, EV 62.5 MPH)
Batting: LHB Bill Knight 0-0: Swinging Strike
0-1: Ball
1-1: Swinging Strike
1-2: Foul Ball, location: 2F
1-2: Fly out, F9 (Flyball, 9, EV 91.9 MPH)
Bottom of the 7th over - 0 runs, 0 hits, 0 errors, 0 left on base; Germantown 3 - Northwest Territory 1
TOP OF THE 8TH
Germantown Uruguayans batting - Pitching for Northwest Territory Beavers : RHP Gonzalo Garibay
Batting: LHB Vicente Torres 0-0: Ball
1-0: SINGLE (Groundball, 34D, EV 95.0 MPH)
Batting: RHB Dana O'Quinlevan 0-0: Called Strike
0-1: Called Strike
0-2: Ball
1-2: Ball
2-2: Foul Ball, location: 2F
2-2: SINGLE (Flyball, 89M, EV 90.6 MPH)
Vicente Torres to second
Runner from 2nd tries for 3rd, SAFE, throw by RF made to third
Pitching: RHP Kimitada Shini
Batting: RHB D'Artagnan Rasberry 0-0: Foul Ball, location: 2F
0-1: Called Strike
0-2: Strikes out swinging
Batting: LHB Mhelter Narcida 0-0: Ball
1-0: DOUBLE (Line Drive, 9LM, EV 114.4 MPH)
Vicente Torres scores
Dana O'Quinlevan to third
Batting: RHB Will Gamble 0-0: Ball
1-0: Ground out 6-3 (Groundball, 56, EV 86.9 MPH)
Dana O'Quinlevan scores
Batting: RHB Pepe Rodríguez 0-0: Ball
Wild Pitch!
Mhelter Narcida to third
1-0: Ball
2-0: Fly out, F3 (Popup, 3S, EV 73.1 MPH)
Top of the 8th over - 2 runs, 3 hits, 0 errors, 1 left on base; Germantown 5 - Northwest Territory 1
BOTTOM OF THE 8TH
Northwest Territory Beavers batting - Pitching for Germantown Uruguayans : LHP Kent Griffin
Batting: RHB Mark Mathews 0-0: Fly out, F8 (Flyball, 78S, EV 89.4 MPH)
Batting: RHB Chi-Chi Ercument 0-0: Ball
1-0: Ball
2-0: Ball
3-0: Base on Balls
Batting: RHB Roland Rankin 0-0: Called Strike
0-1: Foul Ball, location: 2F
0-2: Ball
1-2: Fielders Choice at 2nd, 5-4 (Groundball, 56, EV 111.2 MPH)
Batting: SHB Héctor Solís 0-0: Ball
1-0: Foul Ball, location: 2F
1-1: Reached on error, E4 (Groundball, 4, EV 80.6 MPH)
Roland Rankin to second
Batting: LHB Roberto Pacheco 0-0: Called Strike
0-1: Called Strike
0-2: Ball
1-2: SINGLE (Groundball, 34D, EV 111.9 MPH)
Roland Rankin to third
Héctor Solís to second
Runner from 3rd tries for Home, SAFE, no throw by RF
Batting: LHB Steve Chittick 0-0: Ball
1-0: Called Strike
1-1: Foul Ball, location: 2F
1-2: Ball
2-2: Fly out, F8 (Line Drive, 8LD, EV 93.1 MPH)
Bottom of the 8th over - 1 run, 1 hit, 1 error, 2 left on base; Germantown 5 - Northwest Territory 2
TOP OF THE 9TH
Germantown Uruguayans batting - Pitching for Northwest Territory Beavers : RHP Kimitada Shini
Batting: RHB Harley Lambert 0-0: Ground out 3-1 (Groundball, 34S, EV 68.8 MPH)
Batting: RHB Jack Plumb 0-0: Called Strike
0-1: Ball
1-1: Fly out, F8 (Flyball, 89D, EV 95.0 MPH)
Batting: RHB Pancho Hernández 0-0: Swinging Strike
0-1: Ball
1-1: Ground out 6-3 (Groundball, 6, EV 93.8 MPH)
Top of the 9th over - 0 runs, 0 hits, 0 errors, 0 left on base; Germantown 5 - Northwest Territory 2
BOTTOM OF THE 9TH
Northwest Territory Beavers batting - Pitching for Germantown Uruguayans : LHP Kent Griffin
Pitching: RHP Manuel Villanueva
Batting: RHB Ernesto García 0-0: Ball
1-0: Ball
2-0: Swinging Strike
2-1: SINGLE (Line Drive, 7S, EV 99.4 MPH)
Batting: RHB Raleigh Adams 0-0: Ball
1-0: Called Strike
1-1: Swinging Strike
1-2: Ball
2-2: Foul Ball, location: 2F
2-2: Strikes out looking
Batting: LHB Bill Knight 0-0: Ball
1-0: Called Strike
1-1: Swinging Strike
1-2: Fielders Choice at 2nd, 6-4 (Groundball, 6, EV 100.6 MPH)
Batting: RHB Mark Mathews 0-0: Ball
1-0: Ball
2-0: Ball
3-0: Called Strike
3-1: Base on Balls
Bill Knight to second
Pinch Hitting: SHB Patrick Sullivan 0-0: DOUBLE (Line Drive, 8RXD, EV 103.8 MPH)
Bill Knight scores
Mark Mathews to third
Batting: RHB Roland Rankin 0-0: Ground out 5-3 (Groundball, 5S, EV 80.6 MPH)
Bottom of the 9th over - 1 run, 2 hits, 0 errors, 2 left on base; Germantown 5 - Northwest Territory 3
Wednesday, July 8th, 2020 - OOTP Baseball 20.8 Build 74